 Dungeon Crawl Stone Soup version 0.30.0-29-ga12c61a403 (webtiles) character file.

Game seed: 8824711732860645967

602 Ijustatesigmund the Stinger (level 7, 0/43 HPs)
             Began as an Octopode Venom Mage on June 14, 2023.
             Slain by Sigmund
             ... wielding a +0 scythe of protection
              (4 damage)
             ... on level 3 of the Dungeon.
             The game lasted 00:09:19 (4387 turns).

Ijustatesigmund the Stinger (Octopode Venom Mage)   Turns: 4387, Time: 00:09:20

Health: 0/43       AC:  1    Str:  8    XL:     7   Next: 41%
Magic:  10/12      EV: 13    Int: 19    God:
Gold:   250        SH:  0    Dex: 12    Spells: 3/13 levels left

rFire   . . .        b - +4 lajatang (vamp)
rCold   . . .        (shield currently unavailable)
rNeg    . . .        (helmet restricted)
rPois   .            f - amulet of regeneration
rElec   .            (no ring)
rCorr   .            (no ring)
SInv    .            (no ring)
Will    .....        (no ring)
Stlth   +++          (no ring)
HPRegen 1.07/turn    (no ring)
MPRegen 0.13/turn    (no ring)
                     (no ring)

%: no passive effects
@: no status effects
A: almost no armour, amphibious, 8 rings, camouflage 1, gelatinous body 1,
(nimble swimmer 1), tentacles
a: no special abilities


You were on level 3 of the Dungeon.
You visited 2 branches of the dungeon, and saw 5 of its levels.

You collected 250 gold pieces.

Inventory:

Hand Weapons
 b - a +4 vampiric lajatang (weapon)
 e - a +1 war axe
Jewellery
 f - an amulet of regeneration (around mantle)
Wands
 c - a wand of flame (14)
Scrolls
 i - a scroll of magic mapping {unknown}
 k - a scroll of blinking
Potions
 a - a potion of magic
 d - a potion of haste
 g - a potion of might
 h - a potion of brilliance {unknown}
 j - a potion of invisibility
 l - 2 potions of cancellation {unknown}
 n - a potion of heal wounds {unknown}


   Skills:
 - Level 1.2 Fighting
 - Level 0.7 Axes
 - Level 2.5 Staves
 - Level 2.0 Dodging
 - Level 2.6 Stealth
 + Level 3.7 Spellcasting
 + Level 2.9 Conjurations
 - Level 1.0 Transmutations
 + Level 3.0 Air Magic
 + Level 5.6 Poison Magic


You had 3 spell levels left.
You knew the following spells:

 Your Spells              Type           Power      Damage    Failure   Level
a - Sting                 Tmut/Pois      64%        1d6       3%          1
b - Poisonous Vapours     Pois/Air       40%        N/A       3%          2
c - Mephitic Cloud        Conj/Pois/Air  18%        N/A       9%          3
d - Olgreb's Toxic Radia  Pois           25%        N/A       14%         4

Your spell library contained the following spells:

 Spells                   Type           Power      Damage    Failure   Level
 Beastly Appendage        Tmut           14%        N/A       10%         1
 Spider Form              Tmut/Pois      16%        N/A       11%         3
 Momentum Strike          Conj/Tloc      18%        3d8       12%         2
 Wereblood                Tmut           7%         N/A       14%         2
 Blink                    Tloc           6%         N/A       22%         2
 Lesser Beckoning         Tloc           6%         N/A       22%         2
 Gell's Gravitas          Tloc           3%         N/A       38%         3
 Teleport Other           Tloc           3%         N/A       38%         3
 Animate Dead             Necr           3%         N/A       80%         4
 Freezing Cloud           Conj/Ice/Air   5%         6-21      86%         5
 Conjure Ball Lightning   Conj/Air       7%         3x3d6     99%         6
 Haunt                    Necr/Summ      1%         N/A       100%        7
 Discord                  Hex            1%         N/A       100%        8
 Disjunction              Tloc           1%         N/A       100%        8
 Infestation              Necr           1%         N/A       100%        8


Dungeon Overview and Level Annotations

Branches:
Dungeon (4/15)             Temple (1/1) D:4

Altars:
Ashenzari
Dithmenos
Elyvilon
Fedhas
Gozag
Kikubaaqudgha
Nemelex Xobeh
Okawaru
Ru
Sif Muna
Trog
Wu Jian
Xom
Yredelemnul
Zin

Annotations:
D:3 Sigmund


Innate Abilities, Weirdness & Mutations

You cannot wear most types of armour.
You are amphibious.
You can wear up to eight rings at the same time.
Your skin changes colour to match your surroundings (Stealth+).
Your rubbery body absorbs attacks. (AC +1, EV +1)
((You are camouflaged when in or above water. (Stealth+)))
You have tentacles for arms and can constrict up to eight enemies at once.


Message History

You see here a rat corpse.
The helpless hobgoblin fails to defend itself.
You hit the hobgoblin.
You kill the hobgoblin!
No target in view!
No target in view!
No target in view!
h - a purple potion You now have 250 gold pieces (gained 18).
n - a grey potion Sigmund is nearby!
Casting: Olgreb's Toxic Radiance (quite dangerous; 14% risk of failure)
Confirm with . or Enter, or press ? or * to list all spells.
The spell is quite dangerous to miscast (14% risk of failure)!
Continue anyway? [Y]es or [N]o only, please.
The spell is quite dangerous to miscast (14% risk of failure)!
Continue anyway?
You begin to radiate toxic energy.
Sigmund shouts!
Sigmund is poisoned.
Your toxic aura wanes.
Sigmund gestures wildly while chanting.
Sigmund flickers and vanishes!
Deactivating autopickup; reactivate with Ctrl-A.
No target in view!
No target in view!
Something hits you.
You barely miss something. Your squeeze misses something. Something hits you.
You closely miss something. You completely miss something. Something hits you!
You hit something.
You feel better. Something hits you!
You hit something. Something hits you!
* * * LOW HITPOINT WARNING * * *
You miss something. You tentacle-slap something. You squeeze something.
Something hits you!
* * * LOW HITPOINT WARNING * * *
You feel better. Something hits you!
* * * LOW HITPOINT WARNING * * *
You miss something. You closely miss something. Something hits you.
You die...

#...).....#
#.###.....# #.#
#....##
#.###.##.######
#......#......#
#####..#.######
#..#.# #..#{#
####@#############
#..§..........#
#...§§....†...#
#..§§≈.≈≈≈§§..#
#..≈.....§§≈..#
#######†.≈.#####.≈..#
#......).≈...^.#.≈..#
#?###....≈.#._.#§≈.##
#......≈.#.....≈.#


There were no monsters in sight!

Vanquished Creatures
  Duvessa (D:4)
  An ice beast (D:4)
  An ogre (D:4)
  Dowan (D:4)
  An orc priest (D:3)
  Crazy Yiuf (D:2)
  Natasha (D:2)
  Terence (D:2)
  An orc wizard (D:3)
  4 adders
  3 gnolls (D:3)
  2 worms
  2 dart slugs
  3 orcs (D:3)
  5 endoplasms
  A giant cockroach (D:3)
  6 hobgoblins
  4 quokkas
  6 ball pythons
  2 bats
  3 frilled lizards
  10 goblins
  7 kobolds
  7 rats
74 creatures vanquished.

Notes
Turn   | Place    | Note
-------+----------+-------------------------------------------
     0 | D:1      | Ijustatesigmund the Octopode Venom Mage began the quest for
                  | the Orb.
     0 | D:1      | Reached XP level 1. HP: 11/11 MP: 3/3
   177 | D:1      | Reached XP level 2. HP: 15/18 MP: 0/5
   180 | D:1      | Learned a level 2 spell: Poisonous Vapours
   386 | D:1      | You fall into a shaft and drop 1 floor!
   440 | D:2      | Reached skill level 1 in Fighting
   560 | D:2      | Reached skill level 4 in Poison Magic
   715 | D:1      | Reached XP level 3. HP: 19/23 MP: 6/6
   752 | D:1      | Learned a level 3 spell: Mephitic Cloud
  1090 | D:2      | Noticed Terence
  1094 | D:2      | Killed Terence
  1095 | D:2      | Reached skill level 1 in Air Magic
  1095 | D:2      | Reached XP level 4. HP: 21/28 MP: 2/7
  1163 | D:2      | Identified the +0 leather armour of Leusm {rF- Int+2 SInv}
  1579 | D:2      | Identified a scroll of acquirement
  1579 | D:2      | Acquired a +4 vampiric lajatang
  1721 | D:2      | Found a runed translucent door.
  1722 | D:2      | Noticed Crazy Yiuf
  1767 | D:2      | Noticed Natasha
  1775 | D:2      | Killed Natasha
  1776 | D:2      | Reached skill level 1 in Conjurations
  2042 | D:3      | Noticed Sigmund
  2065 | D:3      | Reached XP level 5. HP: 21/33 MP: 9/9
  2305 | D:3      | Reached skill level 1 in Staves
  2525 | D:4      | Noticed an ogre
  2532 | D:4      | Killed an ogre
  2533 | D:4      | Reached skill level 5 in Poison Magic
  2533 | D:4      | Reached XP level 6. HP: 4/38 MP: 3/10
  2820 | D:4      | Found a staircase to the Ecumenical Temple.
  2911 | Temple   | Entered the Ecumenical Temple
  3162 | D:4      | Noticed Dowan
  3190 | D:4      | Noticed Duvessa
  3214 | D:4      | Killed Dowan
  3215 | D:4      | Killed Duvessa
  3216 | D:4      | Reached XP level 7. HP: 20/43 MP: 2/12
  3912 | D:4      | Learned a level 4 spell: Olgreb's Toxic Radiance
  4026 | D:2      | Killed Crazy Yiuf
  4326 | D:3      | Found a broken altar of Ashenzari.
  4384 | D:3      | HP: 2/43 [something (11)]
  4387 | D:3      | Slain by Sigmund

Illustrated notes

Levels and vault maps discovered:
D:1:      giann_bridges, layout_basic
D:2:      layout_basic, uniq_natasha, uniq_crazy_yiuf_cottage, uniq_terence
D:3:      layout_basic, mainiacjoe_overflow_brackets, grunt_ministairs_14,
          uniq_robin, uniq_sigmund
D:4:      layout_layer_cave, temple_pool_b, chequers_serial_rivers_micro_b,
          serial_bayou_lagoon_b, uniq_duvessa
Temple:   nicolae_temple_two_arcs

Skill      XL: |  1  2  3  4  5  6  7 |
---------------+----------------------+-----
Fighting       | 1 |  1.2
Poison Magic   | 4 5 |  5.6
Air Magic      | 1 2 3 |  3.0
Conjurations   | 1 2 |  2.9
Staves         | 1 2 |  2.5
Spellcasting   | 3 |  3.7
Axes           | |  0.7
Dodging        | |  2.0
Stealth        | |  2.6
Transmutations | |  1.0

Action                     |  1- 3 |  4- 6 |  7- 9 || total
---------------------------+-------+-------+-------++-------
  Melee: Unarmed           |    19 |       |       ||    19
         Constrict         |    12 |    14 |     2 ||    28
         Tentacles         |    13 |    11 |     5 ||    29
         War axe           |    42 |     5 |       ||    47
         Punch             |     1 |     1 |     1 ||     3
         Lajatang          |       |    56 |    30 ||    86
   Cast: Sting             |     6 |       |       ||     6
         Poisonous Vapours |     1 |     2 |       ||     3
         Mephitic Cloud    |       |     2 |       ||     2
         Olgreb's Toxic Ra |       |       |     3 ||     3
    Use: Scroll            |       |     6 |     2 ||     8
         Potion            |       |     2 |     2 ||     4
   Stab: Sleeping          |     3 |     7 |     4 ||    14
 Armour: Skin              |     5 |     5 |       ||    10
  Dodge: Dodged            |    30 |    53 |     9 ||    92
